 Dungeon Crawl Stone Soup version 0.30-a0-373-gd37427bb62 (webtiles) character file.

Game seed: 17958307524601143947

1481 qeuew the Trooper (level 8, -13/71 HPs)
             Began as a Hill Orc Fighter on Nov 25, 2022.
             Was a Priest of Okawaru.
             Mangled by a two-headed ogre
             ... wielding a +0 giant club
              (14 damage)
             ... on level 6 of the Dungeon.
             The game lasted 00:07:23 (6048 turns).

qeuew the Trooper (Hill Orc Fighter)                Turns: 6048, Time: 00:07:24

Health: -13/71     AC: 10    Str: 19    XL:     8   Next: 79%
Magic:  8/10       EV: 12    Int:  8    God:    Okawaru [***...]
Gold:   379        SH:  6    Dex: 12    Spells: 7/7 levels left

rFire   . . .      SeeInvis .    a - +1 war axe
rCold   . . .      Faith    .    c - +0 buckler
rNeg    . . .      Spirit   .    b - +1 scale mail
rPois   .          Reflect  .    (no helmet)
rElec   .          Harm     .    (no cloak)
rCorr   .          Rampage  .    (no gloves)
Will    .....                    (no boots)
Stlth   +.........               (no amulet)
HPRegen 0.31/turn                n - ring of flight
MPRegen 0.12/turn                (no ring)

@: heroic, flying
A: no striking features
a: Renounce Religion, Heroism


You were on level 6 of the Dungeon.
You worshipped Okawaru.
Okawaru was most pleased with you.
You visited 1 branch of the dungeon, and saw 6 of its levels.
You also visited: Sewer.

You collected 379 gold pieces.

Inventory:

Hand Weapons
 a - a +1 war axe (weapon)
 l - the +3 sling "Ichenn Huom" {elec, rF++ rCorr}
   (You found it on level 4 of the Dungeon)

   Any ammunition fired from it occasionally discharges a powerful burst of
   electricity upon striking a foe.
   rF:        It greatly protects you from fire.
   rCorr:     It protects you from acid and corrosion.
Armour
 b - a +1 scale mail (worn)
 c - a +0 buckler (worn)
Jewellery
 n - a ring of flight (left hand)
Scrolls
 e - a scroll of blinking
 f - 4 scrolls of teleportation
 h - a scroll of fear
 j - a scroll of butterflies {unknown}
 k - 3 scrolls of enchant armour
 o - 2 scrolls of vulnerability
Potions
 d - 5 potions of might
 g - a potion of curing
 i - a potion of heal wounds
 p - 3 potions of haste
 q - a potion of invisibility


   Skills:
 * Level 6.6(11.6) Fighting
 * Level 6.5(11.5) Axes
 + Level 2.0(7.0) Ranged Weapons
 * Level 6.1(11.1) Armour
 + Level 2.4(7.4) Dodging
 * Level 6.1(11.1) Shields
 + Level 3.3 Invocations


You had 7 spell levels left.
You didn't know any spells.
Your spell library contained the following spells:

 Spells                   Type           Power      Damage    Failure   Level
 Apportation              Tloc           0%         N/A       77%         1
 Freeze                   Ice            0%         1d3       77%         1
 Necrotise                Necr           0%         1d4       77%         1
 Blink                    Tloc           0%         N/A       88%         2
 Momentum Strike          Conj/Tloc      0%         3d8       88%         2
 Sublimation of Blood     Necr           0%         N/A       88%         2
 Frozen Ramparts          Ice            0%         1d1       98%         3
 Gell's Gravitas          Tloc           0%         N/A       98%         3
 Hailstorm                Conj/Ice       0%         3d3       98%         3
 Lesser Beckoning         Tloc           0%         N/A       98%         3
 Teleport Other           Tloc           0%         N/A       98%         3
 Vampiric Draining        Necr           0%         2d6       98%         3
 Petrify                  Tmut/Erth      0%         N/A       100%        4
 Agony                    Necr           0%         N/A       100%        5
 Irradiate                Conj/Tmut      0%         3d11      100%        5
 Dispersal                Tloc           0%         N/A       100%        6
 Summon Small Mammal      Summ           Unusable   N/A       N/A         1

Dungeon Overview and Level Annotations

Branches:
Dungeon (6/15)             Temple (0/1) D:5           Sewer (visited)

Altars:
Cheibriados
Gozag
Okawaru
Zin

Portals:
Abyss: D:4

Annotations:
D:4 2 transporters, tonyyikes's ghost, amateur DrTm


Message History

The sling bullet hits the two-headed ogre!
Lightning courses through the two-headed ogre!
The two-headed ogre is heavily wounded.
A two-headed ogre is nearby!
You shoot a sling bullet.
The sling bullet hits the two-headed ogre.
The two-headed ogre is heavily wounded.
The two-headed ogre barely misses you.
The two-headed ogre hits you with a +0 dire flail.
A two-headed ogre is nearby!
You shoot a sling bullet.
The sling bullet hits the two-headed ogre.
The two-headed ogre is heavily wounded.
The two-headed ogre hits you with a +0 giant club!
The two-headed ogre hits you with a +0 dire flail!
A two-headed ogre is nearby!
You shoot a sling bullet.
The sling bullet completely misses the two-headed ogre.
The two-headed ogre closely misses you. The two-headed ogre barely misses you.
The +3 sling "Ichenn Huom" {elec, rF++ rCorr} stops crackling.
a - a +1 war axe (weapon)
You gain the combat prowess of a mighty hero.
The two-headed ogre hits you with a +0 giant club!!
The two-headed ogre hits you with a +0 dire flail!
* * * LOW HITPOINT WARNING * * *
Unknown command.
You barely miss the two-headed ogre.
The two-headed ogre is heavily wounded.
The two-headed ogre misses you. You block the two-headed ogre's attack.
You hit the two-headed ogre.
The two-headed ogre is heavily wounded.
You slash the two-headed ogre!
The two-headed ogre is severely wounded.
You block the two-headed ogre's attack. x2
You hit the two-headed ogre but do no damage.
The two-headed ogre is severely wounded.
The two-headed ogre hits you with a +0 giant club!
* * * LOW HITPOINT WARNING * * *
The two-headed ogre hits you with a +0 dire flail!
You die...

#.# #.# # ###.####### #.
#.......... (##
#.#.######. ..##
#.#.######. ..#
#.#......#. #O#
#.#.####.#. ####@##
#.#....#.#. #.....#
#.#.##.#.#. #.....###
#..<...#.#.
#.....'.###..#####.#.
........#.....>......#.
.........######.#######.
.....##### #...# #.
..... #.#########. .....
#...........


You could see a two-headed ogre.

Vanquished Creatures
  A water moccasin (D:6)
  An ogre (D:5)
  An ice beast (D:5)
  A phantom (D:6)
  A necrophage (D:5)
  A bullfrog (D:5)
  3 scorpions
  3 hounds
  A jelly (D:5)
  4 orc priests
  A gnoll bouda (D:5)
  4 orc wizards
  An iguana (D:6)
  Robin (D:2)
  10 adders
  13 gnolls
  3 river rats (Sewer)
  2 ufetubi
  4 worms
  21 orcs
  16 endoplasms
  6 giant cockroaches
  10 goblins
  8 hobgoblins
  11 jackals
  7 quokkas
  11 ball pythons
  10 bats
  3 frilled lizards
  7 kobolds
  3 rats
169 creatures vanquished.

Notes
Turn   | Place    | Note
-------+----------+-------------------------------------------
     0 | D:1      | qeuew the Hill Orc Fighter began the quest for the Orb.
     0 | D:1      | Reached XP level 1. HP: 19/19 MP: 1/1
   294 | D:1      | Reached XP level 2. HP: 27/27 MP: 2/2
  1059 | D:2      | Reached XP level 3. HP: 30/33 MP: 3/3
  1278 | D:2      | Noticed Robin
  1286 | D:2      | Reached XP level 4. HP: 27/40 MP: 4/4
  1290 | D:2      | Killed Robin
  1905 | D:3      | Found a faded altar of an unknown god.
  1954 | D:3      | Prayed at the altar of an unknown god.
  1954 | D:3      | Became a worshipper of Warmaster Okawaru
  1954 | D:3      | Reached * piety under Okawaru
  1967 | D:3      | Reached XP level 5. HP: 47/47 MP: 5/5
  2424 | D:4      | Found a transporter.
  2428 | D:4      | Reached skill level 1 in Dodging
  2447 | D:4      | Identified the +3 sling "Ichenn Huom" {elec, rF++ rCorr}
  2701 | D:4      | Reached XP level 6. HP: 22/55 MP: 6/6
  2886 | D:4      | Noticed tonyyikes's ghost (amateur DrTm)
  2909 | D:4      | Found a transporter.
  3033 | D:4      | Reached skill level 5 in Fighting
  3033 | D:4      | Reached skill level 1 in Invocations
  3297 | D:4      | Reached ** piety under Okawaru
  3501 | D:4      | Found a one-way gate to the infinite horrors of the Abyss.
  3528 | D:5      | Entered Level 5 of the Dungeon
  3565 | D:5      | Found a snail-covered altar of Cheibriados.
  3581 | D:5      | Found a glowing drain.
  3590 | Sewer    | Entered a sewer
  3738 | Sewer    | Reached XP level 7. HP: 61/61 MP: 8/8
  4168 | D:5      | Reached skill level 5 in Axes
  4168 | D:5      | Reached skill level 1 in Ranged Weapons
  4168 | D:5      | Reached skill level 5 in Armour
  4168 | D:5      | Reached skill level 5 in Shields
  4413 | D:5      | Found a glowing silver altar of Zin.
  4608 | D:5      | Reached XP level 8. HP: 67/70 MP: 9/9
  4619 | D:5      | Reached *** piety under Okawaru
  5296 | D:5      | Found a staircase to the Ecumenical Temple.
  5954 | D:6      | Found an opulent altar of Gozag.
  6037 | D:6      | Noticed a two-headed ogre
  6048 | D:6      | HP: 1/71 [two-headed ogre/+0 giant club (17)]
  6048 | D:6      | Mangled by a two-headed ogre

Illustrated notes

Levels and vault maps discovered:
D:1:      ebering_trefoil_twist, layout_basic, corexii_hall_statues_i,
          columned_hall_lemuel, minmay_misc_feat_diagonals
D:2:      layout_rooms, uniq_crazy_yiuf_cottage, uniq_robin
D:3:      layout_basic, chequers_ecumenical_altar_simple,
          minmay_fractal_squares_diagonal_5
D:4:      layout_basic, gammafunk_ghost_abyssal_escape
D:5:      layout_loops_ring, grunt_temple_overflow_open,
          minmay_temple_entry_enclosed_plants, portal_sewer_entry_d,
          grunt_ministairs_6
D:6:      layout_basic, nicolae_gozag_seed_capital

Skill      XL: |  1  2  3  4  5  6  7  8 |
---------------+-------------------------+-----
Axes           | 3 4 5 6 |  6.5
Fighting       | 4 5 6 |  6.6
Shields        | 4 5 6 |  6.1
Armour         | 4 5 6 |  6.1
Dodging        | 1 2 |  2.4
Invocations    | 1 2 3 |  3.3
Ranged Weapons | 1 2 |  2.0

Action                   |  1- 3 |  4- 6 |  7- 9 || total
-------------------------+-------+-------+-------++-------
Melee: War axe           |    74 |   140 |    50 ||   264
 Fire: Sling             |       |   104 |   160 ||   264
Invok: Heroism           |       |       |     3 ||     3
  Use: Scroll            |     4 |     5 |     5 ||    14
       Potion            |     3 |     4 |     1 ||     8
Armor: Scale mail        |    46 |    90 |    76 ||   212
Dodge: Dodged            |    42 |    93 |   105 ||   240
Block: Buckler           |    14 |    59 |    50 ||   123

Table legend: (Time is in decaauts)
 A = Elapsed time spent in this place.
 B = Non-inter-level travel time spent in this place.
 C = Inter-level travel time spent in this place.
 D = Time resting spent in this place.
 E = Time spent auto-exploring this place.
 F = Levels seen in this place.
 G = Mean time per level.
                   A        B        C        D        E       F      G
               +--------+--------+--------+--------+--------+-----+--------+
         Total |   6283 |   6056 |    227 |      0 |   4934 |   7 |  897.6 |
       Dungeon |   5757 |   5530 |    227 |      0 |   4570 |   6 |  959.5 |
         Sewer |    525 |    525 |      0 |      0 |    364 |   1 |  525.0 |
               +--------+--------+--------+--------+--------+-----+--------+

Top non-repeatable levels by time:
     D:5: 1629 daAuts
     D:4: 1148 daAuts
     D:1: 1040 daAuts
     D:2: 771 daAuts
     D:3: 688 daAuts
   Sewer: 525 daAuts
     D:6: 479 daAuts
